 Dungeon Crawl Stone Soup version 0.28.0-43-g3370ac3207 (webtiles) character file.

Game seed: 686060372116667927

1550 protoss039 the Magician (level 8, -3/45 HPs)
             Began as a Deep Elf Fire Elementalist on Mar 23, 2022.
             Was a Follower of Sif Muna.
             Killed from afar by Maggie (12 damage)
             ... with a bolt of fire
             ... on level 6 of the Dungeon.
             The game lasted 00:10:26 (6995 turns).

protoss039 the Magician (DEFE)                      Turns: 6995, Time: 00:10:27

Health: -3/45      AC:  6    Str:  5    XL:     8   Next: 57%
Magic:  2/21       EV: 13    Int: 23    God:    Sif Muna [*.....]
Gold:   270        SH:  0    Dex: 15    Spells: 6/22 levels left

rFire   + . .      SeeInvis .   C - +3 dagger
rCold   x . .      Faith    .   (no shield)
rNeg    . . .      Spirit   .   a - +0 robe
rPois   .          Reflect  .   (no helmet)
rElec   .          Harm     .   B - +2 cloak
rCorr   .          Rampage  .   i - +0 pair of gloves
Will    .....                   (no boots)
Stlth   ++........              (no amulet)
HPRegen 0.15/turn               x - ring of wizardry
MPRegen 0.17/turn               g - ring of fire

@: swift, very quick
A: no striking features
a: Renounce Religion, Channel Magic


You were on level 6 of the Dungeon.
You worshipped Sif Muna.
Sif Muna was aware of your devotion.
You visited 1 branch of the dungeon, and saw 6 of its levels.

You collected 270 gold pieces.

Inventory:

Hand Weapons
 C - a +3 dagger (weapon)
Armour
 a - a +0 robe (worn)
 h - a scarf of resistance
 i - a +0 pair of gloves (worn)
 B - a +2 cloak (worn)
Jewellery
 d - a +4 ring of slaying
 g - a ring of fire (right hand)
 v - a +6 ring of strength
 x - a ring of wizardry (left hand)
Wands
 l - a wand of paralysis (11)
 w - a wand of acid (9)
 z - a wand of digging (15)
Scrolls
 b - 2 scrolls of enchant armour {unknown}
 c - a scroll of silence {unknown}
 e - 2 scrolls of vulnerability {unknown}
 j - 2 scrolls of immolation {unknown}
 n - 3 scrolls of teleportation
 o - a scroll of brand weapon {unknown}
 p - 3 scrolls of identify
 q - a scroll of blinking {unknown}
 s - a scroll of amnesia {unknown}
 y - a scroll of noise {unknown}
Potions
 f - 2 potions of mutation
 k - a potion of attraction {unknown}
 m - 3 potions of heal wounds
 r - a potion of magic {unknown}
 t - a potion of brilliance {unknown}
 u - a potion of might {unknown}
 A - a potion of curing {unknown}
 D - a potion of flight {unknown}


   Skills:
 * Level 2.5 Fighting
 - Level 3.0 Dodging
 - Level 3.0 Stealth
 + Level 7.9 Spellcasting
 + Level 4.0 Conjurations
 - Level 3.0 Hexes
 + Level 6.6 Fire Magic
 - Level 3.0 Air Magic
 * Level 3.3 Invocations


You had 6 spell levels left.
You knew the following spells:

 Your Spells              Type           Power      Damage    Failure   Level
a - Foxfire               Conj/Fire      100%       2x1d9     1%          1
b - Scorch                Fire           100%       2d10      1%          2
c - Conjure Flame         Conj/Fire      50%        6-21      1%          3
d - Inner Flame           Hex/Fire       47%        N/A       1%          3
e - Flame Wave            Conj/Fire      50%        2d10      3%          4
f - Swiftness             Air            22%        N/A       2%          3

Your spell library contained the following spells:

 Spells                   Type           Power      Damage    Failure   Level
 Shock                    Conj/Air       100%       1d9       1%          1
 Sting                    Tmut/Pois      36%        1d4       2%          1
 Poisonous Vapours        Pois/Air       30%        N/A       2%          2
 Tukima's Dance           Hex            22%        N/A       2%          3
 Airstrike                Air            11%        N/A       9%          4
 Anguish                  Hex/Necr       7%         N/A       16%         4
 Olgreb's Toxic Radiance  Pois           9%         N/A       26%         4
 Enfeeble                 Hex            11%        N/A       99%         7


Dungeon Overview and Level Annotations

Branches:
Dungeon (6/15)
 Temple: D:4-7

Altars:
Kikubaaqudgha
Nemelex Xobeh
Sif Muna
Vehumet
Yredelemnul
Zin

Shops:
D:3 *

Portals:
Abyss: D:3

Annotations:
D:3 2 transporters, dxctxrx's ghost, amateur DjAE
D:6 3 runed translucent doors, Maggie; mememasterpepo's ghost, novice HuGl


Message History

The orc warrior hits you with a +0 hand axe!
Training target 3.0 for Air Magic reached!
Your Conjurations skill increases to level 4!
Your Air Magic skill increases to level 3!
Casting: Flame Wave (dangerous; 3% risk of failure)
Confirm with . or Enter, or press ? or * to list all spells.
Restarting spell: Flame Wave (dangerous; 3% risk of failure)
Press: ? - help, Dir - look around, f - activate You feel a surge of power!
A wave of flame ripples out!
The flame wave engulfs the orc warrior but does no damage.
The orc warrior is severely wounded. (Press . to intensify the flame waves.)
The orc warrior barely misses you.
Unknown command.
Unknown command.
Casting: Flame Wave (dangerous; 3% risk of failure)
Confirm with . or Enter, or press ? or * to list all spells.
You don't have enough magic to cast this spell.
Unknown command.
Unknown command.
Press: ? - help, v - describe, . - travel, g - get item
Here: Maggie, wielding a +0 broad axe of flaming and wearing +0 swamp dragon scales
Items here: a +0 club; 3 boomerangs.
The floor.
Unknown command.
Casting: Flame Wave (dangerous; 3% risk of failure)
Confirm with . or Enter, or press ? or * to list all spells.
You feel quick. Maggie misses you.
Unknown command.
Unknown command.
Maggie points at you and mumbles some strange words.
The bolt of fire hits you! You resist.
Maggie points at you and mumbles some strange words.
The bolt of fire hits you! You resist.
* * * LOW HITPOINT WARNING * * *
Okay, then.
Okay, then.
Maggie casts a spell at you. The bolt of fire hits you! You resist.
You die...

#.'._#$$$##...#.#
######...
###..##$$###..#.#
#........ #...####
#..#.# #.####...
##########..#.# #.#
#... #..#..#.# #.#
#... #..#..#.#
#.####...
#..#..#.####>...'...
#.<#..#......####...
#..@..#......# #...
#.._..#......# #...
#..8.........####...
#.._.........#......
#............#.####.
##...........#.# #.
##.......@...#.# #.
#..)......o..#.# #.
#............#.# ##


You could see Maggie and an orc warrior.

Vanquished Creatures
  Grinder (D:6)
  An ice beast (D:6)
  A necrophage (D:4)
  2 ogres (D:6)
  A centaur (D:6)
  A phantom (D:6)
  A bullfrog (D:5)
  A water moccasin zombie (D:6)
  A water moccasin skeleton (D:6)
  4 wights (D:6)
  2 howler monkeys
  2 electric eels (D:6)
  A bullfrog zombie (D:6)
  A hound (D:6)
  A jelly (D:6)
  3 iguanas
  2 orc wizards (D:6)
  A howler monkey zombie (D:5)
  6 adders
  An ufetubus (D:6)
  3 worms
  3 dart slugs
  9 orcs
  5 ball pythons
  6 bats
  6 endoplasms
  6 giant cockroaches
  8 goblins
  4 hobgoblins
  5 quokkas
  2 frilled lizards
  7 kobolds
  2 rats
100 creatures vanquished.

Vanquished Creatures (collateral kills)
  4 foxfires (D:6)
4 creatures vanquished.

Vanquished Creatures (others)
  An orc (D:6)
  375 foxfires
376 creatures vanquished.

Grand Total: 480 creatures vanquished

Notes
Turn   | Place    | Note
-------+----------+-------------------------------------------
     0 | D:1      | protoss039 the Deep Elf Fire Elementalist began the quest
                  | for the Orb.
     0 | D:1      | Reached XP level 1. HP: 10/10 MP: 6/6
   240 | D:1      | Reached XP level 2. HP: 15/15 MP: 4/8
  1090 | D:1      | Reached XP level 3. HP: 19/19 MP: 10/10
  1243 | D:1      | Learned a level 2 spell: Scorch
  1247 | D:1      | Learned a level 3 spell: Conjure Flame
  2116 | D:2      | Found a faded altar of an unknown god.
  2220 | D:2      | Learned a level 3 spell: Inner Flame
  2221 | D:3      | You fall into a shaft and drop 1 floor!
  2321 | D:4      | Noticed a necrophage
  2332 | D:4      | Killed a necrophage
  2333 | D:4      | Reached skill level 4 in Spellcasting
  2333 | D:4      | Reached XP level 4. HP: 17/24 MP: 1/12
  2333 | D:4      | Reached XP level 5. HP: 19/28 MP: 1/14
  3093 | D:4      | Reached skill level 5 in Spellcasting
  3403 | D:3      | Found a transporter.
  3475 | D:3      | Found a one-way gate to the infinite horrors of the Abyss.
  3475 | D:3      | Noticed dxctxrx's ghost (amateur DjAE)
  3493 | D:3      | Found Kimenlal's General Store.
  3533 | D:3      | Found a transporter.
  4098 | D:3      | Found a shimmering blue altar of Sif Muna.
  4098 | D:3      | Found a sparkling altar of Nemelex Xobeh.
  4172 | D:3      | Became a worshipper of Sif Muna the Loreminder
  4178 | D:3      | Learned a level 4 spell: Flame Wave
  4406 | D:5      | Entered Level 5 of the Dungeon
  4529 | D:5      | Reached skill level 5 in Fire Magic
  4529 | D:5      | Reached XP level 6. HP: 23/32 MP: 10/16
  4930 | D:5      | Reached skill level 1 in Hexes
  5210 | D:5      | Reached skill level 1 in Invocations
  5357 | D:5      | Learned a level 3 spell: Swiftness
  5358 | D:6      | Found an ancient bone altar of Kikubaaqudgha.
  5358 | D:6      | Found a radiant altar of Vehumet.
  5458 | D:6      | Reached skill level 1 in Fighting
  5492 | D:6      | Reached skill level 6 in Spellcasting
  5492 | D:6      | Reached skill level 1 in Air Magic
  5526 | D:6      | Reached XP level 7. HP: 38/38 MP: 13/18
  6021 | D:6      | Reached skill level 7 in Spellcasting
  6021 | D:6      | Reached XP level 8. HP: 44/44 MP: 13/20
  6094 | D:6      | Noticed Grinder
  6119 | D:6      | Killed Grinder
  6237 | D:6      | Found a runed translucent gate.
  6237 | D:6      | Found a runed translucent gate.
  6237 | D:6      | Found a runed translucent gate.
  6237 | D:6      | Noticed mememasterpepo's ghost (novice HuGl)
  6239 | D:6      | Found a basalt altar of Yredelemnul.
  6857 | D:6      | Found a glowing silver altar of Zin.
  6909 | D:6      | Reached * piety under Sif Muna
  6971 | D:6      | Noticed Maggie
  6995 | D:6      | Killed from afar by Maggie

Illustrated notes

Levels and vault maps discovered:
D:1:      co_arrival_hall_of_pillars, layout_basic
D:2:      layout_loops_ring, shapermc_ecumenical_altar_mp_urbaneastern,
          minmay_misc_feat_rugged
D:3:      layout_basic, gammafunk_temple_overflow_statue,
          gammafunk_ghost_abyssal_escape, serial_shops, nicolae_shop_waterfront
D:4:      layout_basic
D:5:      layout_loops_ring
D:6:      layout_basic, chequers_temple_overflow_statue_of_worship,
          nicolae_yredelemnul_ghost_church, zin_treasury,
          chequers_serial_rivers_small_a, chequers_big_river, uniq_maggie,
          uniq_grinder

Skill      XL: |  1  2  3  4  5  6  7  8 |
---------------+-------------------------+-----
Dodging        | 3 |  3.0
Fire Magic     | 4 5 6 |  6.6
Stealth        | 3 |  3.0
Spellcasting   | 4 5 6 7 |  7.9
Conjurations   | 2 3 4 |  4.0
Hexes          | 1 3 |  3.0
Invocations    | 1 2 3 |  3.3
Fighting       | 1 2 |  2.5
Air Magic      | 1 2 3 |  3.0

Action                   |  1- 3 |  4- 6 |  7- 9 || total
-------------------------+-------+-------+-------++-------
Melee: Dagger            |    27 |    12 |     2 ||    41
       Punch             |       |     1 |       ||     1
 Cast: Foxfire           |    87 |    62 |    73 ||   222
       Scorch            |     6 |    19 |    25 ||    50
       Conjure Flame     |     1 |     2 |     1 ||     4
       Swiftness         |       |       |     2 ||     2
       Flame Wave        |       |       |     2 ||     2
  Use: Scroll            |       |     3 |     1 ||     4
 Stab: Sleeping          |     1 |       |     1 ||     2
Armor: Robe              |     6 |     5 |     8 ||    19
Dodge: Dodged            |    31 |     6 |    22 ||    59
